 Dungeon Crawl Stone Soup version 0.22-a0-147-gfdd7f25 (webtiles) character file.

4848 varam the Grappler (level 10, -3/98 HPs)
             Began as a Troll Wizard on Feb 6, 2018.
             Was a Priest of Okawaru.
             Slain by a troll (11 damage)
             ... on level 9 of the Dungeon.
             The game lasted 00:23:43 (6950 turns).

varam the Grappler (Troll Wizard)                   Turns: 6950, Time: 00:23:43

Health: -3/98      AC:  7    Str: 17    XL:     10   Next: 25%
Magic:  16/21      EV: 12    Int: 17    God:    Okawaru [***...]
Gold:   306        SH:  0    Dex: 10    Spells: 6/13 levels left

rFire    . . .     SeeInvis .     - Unarmed
rCold    . . .     Gourm    +   (no shield)
rNeg     . . .     Faith    .   a - +0 robe
rPois    .         Spirit   .   o - +2 hat
rElec    .         Reflect  .   j - scarf {repulsion}
rCorr    .         Harm     .   (gloves unavailable)
MR       .....                  (boots unavailable)
Stlth    +.........             (no amulet)
HPRegen  0.66/turn              p - +2 ring of dexterity
MPRegen  0.17/turn              e - ring of magical power

@: very slightly contaminated, repel missiles
A: large, unfitting armour, claws 3, fast metabolism 3, gourmand, regeneration
1, shaggy fur 1, tough skin 2
a: Heroism, Renounce Religion


You were on level 9 of the Dungeon.
You worshipped Okawaru.
Okawaru was most pleased with you.
You were very full.

You visited 2 branches of the dungeon, and saw 10 of its levels.

You collected 474 gold pieces.
You spent 168 gold pieces at shops.

Inventory:

Hand Weapons
 f - the cursed +1 rapier of Hospitality {drain, rPois rN+}
   (You found it on level 7 of the Dungeon)

   A truly terrible weapon, it drains the life of those it strikes.
   It protects you from poison.
   It protects you from negative energy.
   It has a curse placed upon it.
Missiles
 h - 2 javelins (quivered)
 l - 2 javelins of returning
Armour
 a - a +0 robe (worn)
 j - a scarf of repulsion (worn)
 o - a +2 hat (worn)
Magical Staves
 w - an uncursed staff of power
Jewellery
 e - a ring of magical power (right claw)
 k - an uncursed ring of protection from magic
 p - a +2 ring of dexterity (left claw)
 B - an uncursed ring of flight
Wands
 b - a wand of enslavement (13)
 y - a wand of flame (114)
Scrolls
 g - 4 scrolls of remove curse {unknown}
 m - 2 scrolls of fear {unknown}
 n - 2 scrolls of teleportation {unknown}
 q - a scroll of fog {unknown}
 s - a scroll of noise {unknown}
 t - 3 scrolls of enchant weapon {unknown}
 v - a scroll of blinking {unknown}
 z - a scroll of silence {unknown}
 C - a scroll of identify
Potions
 i - 7 potions of curing
 r - a potion of heal wounds
 u - a potion of haste
 x - 3 potions of berserk rage {unknown}
 A - a potion of mutation {unknown}
Books
 c - a book of Minor Magic

   Spells                             Type                      Level
   a - Magic Dart                     Conjuration                  1
   b - Blink                          Translocation                2
   c - Call Imp                       Summoning                    2
   d - Slow                           Hexes                        2
   e - Conjure Flame                  Conjuration/Fire             3
   f - Mephitic Cloud                 Conjuration/Poison/Air       3
Comestibles
 d - 15 rations
 D - a chunk of flesh


   Skills:
 - Level 6.0 Fighting
 - Level 6.1 Dodging
 - Level 1.0 Stealth
 - Level 8.0 Unarmed Combat
 - Level 2.0 Spellcasting
 - Level 0.6 Conjurations
 + Level 4.1 Summonings
 - Level 4.0 Translocations


You had 6 spell levels left.
You knew the following spells:

 Your Spells              Type           Power        Failure   Level  Hunger
a - Magic Dart            Conj           #...         16%         1    #......
b - Call Imp              Summ           ###.....     5%          2    ###....
c - Slow                  Hex            #.......     28%         2    ###....
d - Blink                 Tloc           N/A          5%          2    ###....


Dungeon Overview and Level Annotations

Branches:
Dungeon (9/15)             Temple (1/1) D:6
   Lair: D:8-11         Orc: D:9-12

Altars:
Ashenzari
Cheibriados
Dithmenos
Elyvilon
Fedhas
Gozag
Hepliaklqana
Kikubaaqudgha
Makhleb
Nemelex Xobeh
Okawaru
Qazlal
Ru
Sif Muna
Trog
Uskayaw
Vehumet
Wu Jian
Xom
Yredelemnul
Zin
The Shining One

Shops:
D:5 [


Innate Abilities, Weirdness & Mutations

You are too large for most types of armour.
You have claws for hands.
Your metabolism is lightning-fast.
You like to eat raw meat.
Your natural rate of healing is unusually fast.
You are covered in fur. (AC +1)
You have very tough skin. (AC +2)


Message History

You destroy the adder skeleton!
Okawaru accepts your kill.
Casting: Call Imp (safe; 5% risk of failure)
Confirm with . or Enter, or press ? or * to list all spells.
Okay, then.
Casting: Call Imp (safe; 5% risk of failure)
Confirm with . or Enter, or press ? or * to list all spells.
You miscast Blink.
You are very lightly contaminated with residual magic.
You catch a glimpse of the back of your own head.
The troll bites you!
* * * LOW HITPOINT WARNING * * *
The troll claws you.
* * * LOW HITPOINT WARNING * * *
The troll barely misses you.
Casting: Blink (safe; 5% risk of failure)
Confirm with . or Enter, or press ? or * to list all spells.
You miscast Blink.
Nothing appears to happen.
Your shadow imp hits the troll.
The troll bites you!
You die...

###### #....#
#....# ..###
#....#
......####....#
#..@T55...#
######<...#
#....# #5(..#
#....# ##.)##
##.# .. ..#


You could see a troll, a friendly crimson imp and a friendly shadow imp.

Vanquished Creatures
  A two-headed ogre (D:7)
  An ugly thing (D:6)
  Grinder (D:3)
  The ghost of Yosebu the Slasher, an amateur MfGl (D:4)
  A hippogriff (D:8)
  Sigmund (D:3)
  A spriggan (D:8)
  A wyvern (D:8)
  An ice beast (D:8)
  A slave (D:6)
  2 sky beasts
  A phantom (D:4)
  3 ogres
  A centaur (D:9)
  A big kobold (D:8)
  2 bullfrogs
  2 scorpions (D:6)
  8 killer bees
  4 wights (D:7)
  A crimson imp (D:8)
  3 bullfrog zombies
  A centaur skeleton (D:4)
  4 orc wizards
  A bullfrog skeleton (D:4)
  3 hounds
  4 jellies
  7 orc priests
  Jessica (D:3)
  An iguana (D:8)
  Ijyb (D:3)
  6 worker ants
  A hound skeleton (D:8)
  2 worker ant zombies (D:5)
  Robin (D:3)
  6 adders
  An adder zombie (D:6)
  An adder skeleton (D:9)
  A worm (D:6)
  A dart slug (D:3)
  4 leopard geckos
  18 orcs
  A ball python (D:2)
  4 giant cockroaches
  11 hobgoblins
  8 jackals
  3 quokkas
  7 bats
  7 frilled lizards
  15 goblins
  A jackal skeleton (D:5)
  9 kobolds
  A quokka skeleton (D:9)
  A quokka zombie (D:5)
  10 rats
181 creatures vanquished.

Vanquished Creatures (collateral kills)
  Pikel (D:6)
1 creature vanquished.

Vanquished Creatures (others)
  A slave (D:6)
  A bullfrog skeleton (D:6)
2 creatures vanquished.

Grand Total: 184 creatures vanquished

Notes
Turn   | Place    | Note
-------+----------+-------------------------------------------
     0 | D:1      | varam the Troll Wizard began the quest for the Orb.
     0 | D:1      | Reached XP level 1. HP: 16/16 MP: 2/2
   141 | D:1      | Reached skill level 1 in Unarmed Combat
   421 | D:1      | Reached XP level 2. HP: 24/24 MP: 4/4
   612 | D:1      | Reached skill level 2 in Unarmed Combat
  1101 | D:2      | Reached XP level 3. HP: 31/31 MP: 5/5
  1165 | D:2      | Reached skill level 3 in Unarmed Combat
  1234 | D:2      | Found a hazy altar of Hepliaklqana.
  1238 | D:2      | Found a blossoming altar of Fedhas.
  1238 | D:2      | Found a shadowy altar of Dithmenos.
  1239 | D:2      | Found an ancient bone altar of Kikubaaqudgha.
  1239 | D:2      | Found a sacrificial altar of Ru.
  1706 | D:2      | Found a glowing silver altar of Zin.
  1706 | D:2      | Noticed an angel
  1779 | D:3      | Noticed Sigmund
  1807 | D:3      | Reached XP level 4. HP: 39/39 MP: 6/6
  2038 | D:3      | Noticed Jessica
  2043 | D:3      | Killed Jessica
  2043 | D:3      | Reached skill level 4 in Unarmed Combat
  2114 | D:3      | Noticed Grinder
  2116 | D:3      | Paralysed by Grinder for 7 turns
  2136 | D:3      | Killed Grinder
  2136 | D:3      | Reached skill level 6 in Unarmed Combat
  2136 | D:3      | Reached XP level 5. HP: 11/45 MP: 7/7
  2136 | D:3      | Reached XP level 6. HP: 13/53 MP: 8/8
  2223 | D:3      | Learned a level 2 spell: Call Imp
  2223 | D:3      | Noticed Robin
  2243 | D:3      | Killed Robin
  2249 | D:3      | Reached skill level 1 in Summonings
  2371 | D:3      | Noticed Ijyb
  2380 | D:3      | Killed Ijyb
  2406 | D:3      | Killed Sigmund
  2406 | D:3      | Reached skill level 2 in Summonings
  2406 | D:3      | Reached XP level 7. HP: 57/59 MP: 9/9
  2720 | D:4      | Reached skill level 3 in Summonings
  2801 | D:4      | Reached skill level 1 in Fighting
  2801 | D:4      | Reached skill level 2 in Dodging
  2880 | D:4      | Noticed Yosebu's ghost (amateur MfGl)
  2904 | D:4      | Killed Yosebu's ghost
  2904 | D:4      | Reached skill level 2 in Fighting
  2904 | D:4      | Reached skill level 3 in Dodging
  2956 | D:4      | Reached skill level 3 in Fighting
  2956 | D:4      | Reached XP level 8. HP: 38/75 MP: 1/10
  3340 | D:5      | Entered Level 5 of the Dungeon
  3422 | D:5      | Found Joamad's Armour Shop.
  3430 | D:5      | Bought a scarf of repulsion for 168 gold pieces
  3436 | D:5      | Found a basalt altar of Yredelemnul.
  3679 | D:5      | Reached skill level 7 in Unarmed Combat
  3765 | D:5      | Found a white marble altar of Elyvilon.
  3777 | D:5      | Found a stormy altar of Qazlal.
  4085 | D:5      | Found a bloodstained altar of Trog.
  4316 | D:6      | Reached skill level 8 in Unarmed Combat
  4341 | D:6      | Learned a level 2 spell: Slow
  4467 | D:6      | Reached skill level 4 in Dodging
  4522 | D:6      | Noticed Pikel
  4554 | D:6      | Killed Pikel
  4554 | D:6      | Reached skill level 4 in Fighting
  4554 | D:6      | Reached XP level 9. HP: 46/84 MP: 7/11
  4723 | D:6      | Found a staircase to the Ecumenical Temple.
  4745 | Temple   | Entered the Ecumenical Temple
  4794 | Temple   | Became a worshipper of Warmaster Okawaru
  4803 | Temple   | Learned a level 2 spell: Blink
  4966 | D:6      | Noticed a green ugly thing
  5013 | D:6      | Killed a green ugly thing
  5013 | D:6      | Reached * piety under Okawaru
  5013 | D:6      | Reached skill level 5 in Dodging
  5013 | D:6      | Reached skill level 1 in Translocations
  5227 | D:7      | Reached skill level 2 in Translocations
  5292 | D:7      | Got a dazzling rapier
  5293 | D:7      | Identified the cursed +1 rapier of Hospitality {drain, rPois rN+} (You found it on level 7 of the Dungeon)
  5549 | D:8      | Found a radiant altar of Vehumet.
  5596 | D:8      | Reached skill level 5 in Fighting
  5675 | D:7      | Noticed a two-headed ogre
  5681 | D:7      | Killed a two-headed ogre
  5681 | D:7      | Reached ** piety under Okawaru
  5681 | D:7      | Reached skill level 3 in Translocations
  5770 | D:7      | Reached skill level 6 in Dodging
  6119 | D:7      | Found a glowing golden altar of the Shining One.
  6261 | D:8      | Reached XP level 10. HP: 84/98 MP: 12/12
  6348 | D:8      | Reached skill level 6 in Fighting
  6496 | D:8      | Reached skill level 4 in Translocations
  6559 | D:8      | Reached *** piety under Okawaru
  6666 | D:8      | Reached skill level 4 in Summonings
  6949 | D:9      | HP: 8/98 [troll (4)]
  6950 | D:9      | Slain by a troll

Vault maps used:
D:1:      ncdulo_smallfort
D:2:      zin_angel, grunt_temple_overflow_open
D:3:      first_ration, fountainhead, uniq_grinder, uniq_robin, uniq_sigmund,
          uniq_jessica, uniq_ijyb
D:5:      yredelemnul_altar_generic, lightli_temple_of_fire,
          kennysheep_mini_moat, overflow_temple_1_default, serial_shops, shop
D:6:      minmay_temple_entry_hall, uniq_pikel
D:7:      tso_altar
D:8:      hex_tiny, grunt_pizzeria, vehumet_altar_wand_db
D:9:      orc_0_dummy, kennysheep_generic_room_9
Temple:   minmay_temple_bridge_abc

Skill      XL: |  1  2  3  4  5  6  7  8  9 10 |
---------------+-------------------------------+-----
Unarmed Combat | 1 2 3 6 8 |  8.0
Summonings     | 2 3 4 |  4.1
Fighting       | 3 4 5 6 |  6.0
Dodging        | 3 4 6 |  6.1
Translocations | 3 4 |  4.0
Stealth        | |  1.0
Spellcasting   | |  2.0
Conjurations   | |  0.6

Action                   |  1- 3 |  4- 6 |  7- 9 | 10-12 || total
-------------------------+-------+-------+-------+-------++-------
Melee: Unarmed           |   127 |    69 |   290 |    89 ||   575
       Punch             |       |     1 |     8 |       ||     9
Throw: Javelin           |       |     8 |    18 |     2 ||    28
 Cast: Call Imp          |       |       |     7 |     3 ||    10
Invok: Heroism           |       |       |       |     2 ||     2
  Use: Potion            |       |     1 |     4 |       ||     5
       Scroll            |       |       |     4 |       ||     4
 Stab: Sleeping          |     2 |     1 |     4 |     1 ||     8
       Distracted        |       |     1 |       |       ||     1
  Eat: Chunk             |    20 |     7 |    35 |     7 ||    69
Armor: Robe              |    49 |    28 |    67 |    35 ||   179
       Skin              |       |       |    59 |       ||    59
Dodge: Dodged            |    73 |    44 |    89 |    79 ||   285
       Deflected         |       |       |       |     1 ||     1

Table legend:
 A = Spawn XP
 B = Non-spawn XP
 C = Spawn XP percentage of total XP
 D = Spawn monster count
 E = Non-spawn monster count
 F = Spawn count percentage of total count
 G = Total turns spent on level
                    A         B        C        D         E        F      G
               +---------+---------+-------+---------+---------+-------+---------
         Total |       0 |    6927 |   0.0 |       0 |     181 |   0.0 |  6950
               +---------+---------+-------+---------+---------+-------+---------
           D:1 |       0 |      34 |   0.0 |       0 |      20 |   0.0 |  1005
           D:2 |       0 |      51 |   0.0 |       0 |      17 |   0.0 |   734
           D:3 |       0 |     655 |   0.0 |       0 |      35 |   0.0 |   962
           D:4 |       0 |     902 |   0.0 |       0 |      21 |   0.0 |   639
           D:5 |       0 |     372 |   0.0 |       0 |      20 |   0.0 |   797
           D:6 |       0 |    1596 |   0.0 |       0 |      20 |   0.0 |  1094
           D:7 |       0 |    1418 |   0.0 |       0 |      19 |   0.0 |   842
           D:8 |       0 |    1494 |   0.0 |       0 |      20 |   0.0 |   650
           D:9 |       0 |     405 |   0.0 |       0 |       9 |   0.0 |   139
               +---------+---------+-------+---------+---------+-------+---------
